 Dungeon Crawl Stone Soup version 0.29.1-15-g9cfb28693d (webtiles) character file.

Game seed: 9462045927971183637

30 Heoruswealwe the Magician (level 3, -7/19 HPs)
             Began as a Deep Elf Earth Elementalist on Apr 12, 2023.
             Killed from afar by Sigmund (9 damage)
             ... with a puff of flame
             ... on level 2 of the Dungeon.
             The game lasted 00:09:38 (1016 turns).

Heoruswealwe the Magician (DEEE)                    Turns: 1016, Time: 00:09:38

Health: -7/19      AC:  2    Str:  5    XL:     3   Next: 5%
Magic:  10/10      EV: 12    Int: 21    God:
Gold:   76         SH:  0    Dex: 15    Spells: 4/10 levels left

rFire   . . .      SeeInvis +   (no weapon)
rCold   . . .      Faith    .   (no shield)
rNeg    . . .      Spirit   .   c - +0 robe
rPois   .          Reflect  .   (no helmet)
rElec   .          Harm     .   (no cloak)
rCorr   .          Rampage  .   (no gloves)
Will    .....                   (no boots)
Stlth   ++........              (no amulet)
HPRegen 0.06/turn               k - ring of see invisible
MPRegen 0.12/turn               (no ring)

@: no status effects
A: no striking features
a: no special abilities


You were on level 2 of the Dungeon.
You visited 1 branch of the dungeon, and saw 2 of its levels.

You collected 76 gold pieces.

Inventory:

Armour
 c - a +0 robe (worn)
Jewellery
 k - a ring of see invisible (left hand)
Scrolls
 a - a scroll of poison {unknown}
 d - a scroll of identify {unknown}
 e - a scroll of blinking {unknown}
 f - a scroll of magic mapping {unknown}
 g - 2 scrolls of amnesia {unknown}
 h - a scroll of teleportation {unknown}
Potions
 b - a potion of magic
 i - a potion of curing {unknown}
 j - a potion of resistance {unknown}
 l - a potion of attraction {unknown}


   Skills:
 - Level 2.4 Dodging
 - Level 2.4 Stealth
 + Level 4.1 Spellcasting
 - Level 1.1 Transmutations
 + Level 4.0 Earth Magic


You had 4 spell levels left.
You knew the following spells:

 Your Spells              Type           Power      Damage    Failure   Level
a - Sandblast             Erth           42%        2d11      2%          1
b - Stone Arrow           Conj/Erth      24%        3d8       16%         3
z - Passwall              Tmut/Erth      12%        N/A       6%          2

Your spell library contained the following spells:

 Spells                   Type           Power      Damage    Failure   Level
 Shock                    Conj/Air       16%        1d4       12%         1
 Swiftness                Air            4%         N/A       34%         3
 Petrify                  Tmut/Erth      15%        N/A       38%         4
 Airstrike                Air            2%         2d(1-17)  75%         4


Dungeon Overview and Level Annotations

Branches:
Dungeon (2/15)

Altars:

Annotations:
D:2 Sigmund


Message History

The blast of sand hits the ball python!
You kill the ball python!
You have reached level 3!
Your experience leads to an increase in your attributes!
Increase (S)trength, (I)ntelligence, or (D)exterity?
You feel clever. x2
This spell is extremely dangerous to cast!
Memorise Stone Arrow, consuming 3 spell levels and leaving 4?
You start memorising the spell.
You continue memorising. x3
You finish memorising.
Spell assigned to 'b'.
Found a scale mail and a trident.
An endoplasm comes into view.
The blast of sand hits the endoplasm!
You kill the endoplasm!
You now have 76 gold pieces (gained 7).
Found an escape hatch in the ceiling.
You see here a +0 scale mail.
You see here a +0 trident.
There is an escape hatch in the ceiling here.
A mysterious force pulls you upwards. The hatch slams shut behind you.
There is a stone staircase leading down here.
You climb downwards.
There is a stone staircase leading up here.
You open the door.
There is an open door here.
You open the door.
Sigmund, a kobold and a rat come into view.
The kobold is wielding a +2 short sword of draining.
The blast of sand hits the kobold!!
You kill the kobold!
Sigmund shouts!
Sigmund gestures at you while chanting. The puff of flame hits you!
You hear a shout!
Sigmund gestures at you while chanting. The magic dart hits you!
* * * LOW HITPOINT WARNING * * *
Sigmund casts a spell at you. The puff of flame hits you!
You die...

#### #...
###############...
#.............'...
#.#############...
#.# #... #@# #...
. #.# #... .. #.#
#... ... #.# #...
.... #.# ####
...@. #.#
......###@#######
##
...r.)'.r.......#
#.
......###########
##


You could see Sigmund and a rat.

Vanquished Creatures
  2 dart slugs (D:1)
  2 ball pythons
  A bat (D:1)
  2 endoplasms
  3 goblins (D:1)
  4 hobgoblins (D:1)
  2 kobolds
  2 quokkas (D:1)
  4 frilled lizards (D:1)
  2 rats
24 creatures vanquished.

Notes
Turn   | Place    | Note
-------+----------+-------------------------------------------
     0 | D:1      | Heoruswealwe the Deep Elf Earth Elementalist began the
                  | quest for the Orb.
     0 | D:1      | Reached XP level 1. HP: 10/10 MP: 6/6
   236 | D:1      | Reached XP level 2. HP: 15/15 MP: 5/8
   239 | D:1      | Learned a level 2 spell: Passwall
   923 | D:2      | Reached XP level 3. HP: 19/19 MP: 8/10
   927 | D:2      | Learned a level 3 spell: Stone Arrow
  1007 | D:2      | Noticed Sigmund
  1016 | D:2      | Killed from afar by Sigmund

Illustrated notes

Levels and vault maps discovered:
D:1:      dpeg_arrival_rooms_with_view, layout_basic
D:2:      layout_basic, serial_shops, nicolae_lakefront_shop,
          chequers_ecumenical_altar_grove, uniq_terence, uniq_sigmund

Skill      XL: |  1  2 |
---------------+-------+-----
Spellcasting   | 4 |  4.1
Earth Magic    | 4 |  4.0
Dodging        | |  2.4
Stealth        | |  2.4
Transmutations | |  1.1

Action                   || total
-------------------------++-------
 Cast: Sandblast         ||    31
Armor: Robe              ||     3
Dodge: Dodged            ||     3
